 Dungeon Crawl Stone Soup version 0.29.1-15-g9cfb28693d (webtiles) character file.

Game seed: 5267265392696464090

34766 croobank the Grand Scion (level 13, -2/88 HPs)
             Began as a Demonspawn Fire Elementalist on Apr 11, 2023.
             Was a High Priest of Hepliaklqana.
             Slain by a yak (3 damage)
             ... on level 5 of the Lair of Beasts.
             The game lasted 00:53:22 (22568 turns).

croobank the Grand Scion (DsFE)                    Turns: 22568, Time: 00:53:22

Health: -2/88      AC: 14    Str: 14    XL:     13   Next: 44%
Magic:  24/24      EV: 14    Int: 27    God:    Hepliaklqana [*****.]
Gold:   948        SH:  7    Dex: 13    Spells: 17/27 levels left

rFire   . . .      SeeInvis .   B - +4 falchion of the Hidden Vale {flame, Str+4}
rCold   . . .      Faith    .   r - +3 buckler
rNeg    . . .      Spirit   .   K - +3 leather armour {rPois}
rPois   +          Reflect  .   n - +2 helmet
rElec   .          Harm     .   (cloak unavailable)
rCorr   +          Rampage  .   q - +2 pair of gloves
Will    .....                   y - +1 pair of boots
Stlth   ++........              D - amulet of magic regeneration
HPRegen 0.24/turn               i - ring of resist corrosion
MPRegen 0.59/turn               H - +6 ring of intelligence

@: about to teleport, marked, hasted and slowed, very slow
A: reduced essence, foul stench 3, spiny 1, sturdy frame 1, weakness stinger 3
a: Renounce Religion, Recall Ancestor, Ancestor Identity, Transference, Idealise


You were on level 5 of the Lair of Beasts.
You worshipped Hepliaklqana.
Hepliaklqana was extremely pleased with you.
You visited 3 branches of the dungeon, and saw 18 of its levels.

You collected 948 gold pieces.

Inventory:

Hand Weapons
 a - a +2 short sword of flaming
 s - a +2 flail of draining
 v - a +4 whip
 B - the +4 falchion of the Hidden Vale (weapon) {flame, Str+4}
   (You found it on level 2 of the Lair of Beasts)

   It burns those it strikes, dealing additional fire damage.
   Big, fiery blades are also staple armaments of hydra-hunters.
   Str:       It affects your strength (+4).
 L - a +0 broad axe
 P - a +2 dagger of freezing
 X - the +10 hand axe "Anlyschimn" {vorpal, rN+ Int-4 SInv}
   (You found it on level 9 of the Dungeon)

   It inflicts extra damage upon your enemies.
   Int:       It affects your intelligence (-4).
   rN:        It protects you from negative energy.
   SInv:      It lets you see invisible.
Missiles
 I - a throwing net
Armour
 b - +0 acid dragon scales
 n - a +2 helmet (worn)
 q - a +2 pair of gloves (worn)
 r - a +3 buckler (worn)
 y - a +1 pair of boots (worn)
 K - a +3 leather armour of poison resistance (worn)
Magical Staves
 d - a staff of death
 p - a staff of cold
Jewellery
 f - a ring of wizardry
 h - a ring of ice
 i - a ring of resist corrosion (left hand)
 l - a ring of willpower
 u - an amulet of reflection
 w - a ring of poison resistance
 A - a ring of positive energy
 C - a ring of protection from fire
 D - an amulet of magic regeneration (around neck)
 H - a +6 ring of intelligence (right hand)
 S - an amulet of regeneration
 U - a ring of see invisible
Wands
 e - a wand of polymorph (8)
 o - a wand of flame (57)
 E - a wand of iceblast (23)
 G - a wand of mindburst (8)
 T - a wand of paralysis (11)
 W - a wand of light (4)
Scrolls
 k - 3 scrolls of immolation
 t - 4 scrolls of magic mapping
 J - 2 scrolls of fog
 M - a scroll of identify
 Q - 2 scrolls of vulnerability
 R - a scroll of teleportation
 V - 3 scrolls of enchant armour
Potions
 g - 6 potions of lignification
 j - 7 potions of mutation
 m - 2 potions of ambrosia
 x - 4 potions of magic
 z - 8 potions of curing
 F - 4 potions of attraction
 N - a potion of haste
 O - 2 potions of brilliance
Miscellaneous
 c - a condenser vane


   Skills:
 + Level 7.9 Fighting
 - Level 3.2 Armour
 + Level 7.5 Dodging
 + Level 8.4 Stealth
 - Level 3.0 Shields
 + Level 7.6 Spellcasting
 + Level 8.5 Conjurations
 + Level 7.8 Fire Magic
 + Level 7.3 Ice Magic
 * Level 11.1 Invocations


You had 17 spell levels left.
You knew the following spells:

 Your Spells              Type           Power      Damage    Failure   Level
a - Foxfire               Conj/Fire      100%       2x1d9     1%          1
b - Scorch                Fire           100%       2d10      1%          2
c - Frozen Ramparts       Ice            98%        1d15      1%          3
d - Flame Wave            Conj/Fire      53%        2d13      2%          4

Your spell library contained the following spells:

 Spells                   Type           Power      Damage    Failure   Level
 Freeze                   Ice            100%       1d11      1%          1
 Shock                    Conj/Air       100%       1d9       1%          1
 Conjure Flame            Conj/Fire      53%        6-21      1%          3
 Ozocubu's Armour         Ice            49%        N/A       1%          3
 Hailstorm                Conj/Ice       52%        3d12      2%          4
 Stone Arrow              Conj/Erth      66%        3d11      3%          3
 Inner Flame              Hex/Fire       31%        N/A       4%          3
 Mephitic Cloud           Conj/Pois/Air  25%        N/A       7%          3
 Sandblast                Erth           20%        2d7       8%          1
 Ignite Poison            Fire/Tmut/Pois 24%        N/A       8%          3
 Blink                    Tloc           20%        N/A       11%         2
 Passwall                 Tmut/Erth      8%         N/A       11%         2
 Summon Ice Beast         Ice/Summ       30%        N/A       17%         4
 Call Canine Familiar     Summ           10%        N/A       22%         3
 Lesser Beckoning         Tloc           10%        N/A       22%         3
 Portal Projectile        Hex/Tloc       20%        N/A       22%         3
 Swiftness                Air            10%        N/A       22%         3
 Tukima's Dance           Hex            10%        N/A       22%         3
 Freezing Cloud           Conj/Ice/Air   19%        6-21      24%         5
 Metabolic Englaciation   Hex/Ice        15%        N/A       43%         5
 Airstrike                Air            5%         2d(1-17)  58%         4
 Dispel Undead            Necr           10%        3d9       58%         4
 Leda's Liquefaction      Hex/Erth       5%         N/A       58%         4
 Blade Hands              Tmut           5%         N/A       90%         5
 Manifold Assault         Tloc           10%        N/A       90%         5
 Summon Mana Viper        Hex/Summ       10%        N/A       90%         5
 Simulacrum               Ice/Necr       15%        N/A       95%         6
 Necromutation            Tmut/Necr      5%         N/A       100%        8
 Death's Door             Necr           5%         N/A       100%        9


Dungeon Overview and Level Annotations

Branches:
Dungeon (12/15)            Temple (1/1) D:4            Lair (5/5) D:8
 Shoals (0/4) Lair:2        Snake (0/4) Lair:2
  Slime: Lair:4-5       Orc: D:9-12

Altars:
Ashenzari
Cheibriados
Dithmenos
Fedhas
Gozag
Hepliaklqana
Kikubaaqudgha
Makhleb
Nemelex Xobeh
Okawaru
Qazlal
Ru
Sif Muna
Trog
Uskayaw
Vehumet
Wu Jian
Xom
Yredelemnul

Shops:
D:1 (   D:7 :

Annotations:
D:8 1 runed translucent door, Darius099's ghost, novice OpBr
D:10 !wizard, exclusion: door


Innate Abilities, Weirdness & Mutations

Your life essence is reduced to manifest your ancestor. (-10% HP)
You frequently emit foul miasma when damaged in melee.
You are partially covered in sharp spines.
Your movements are slightly less encumbered by armour. (ER -2)
You have a sharp stinger which inflicts weakening toxins.


Message History

You feel invigorated. The yak is struck by your spines.
The yak barely misses you. The yak is struck by your spines. The yak gores you.
* * * LOW HITPOINT WARNING * * *
The yak is struck by your spines. The yak misses you.
The yak closely misses you.
A cane toad comes into view.
The hell rat is struck by your spines. The hell rat bites you.
* * * LOW HITPOINT WARNING * * *
You feel better.
You feel less invigorated. The cane toad is struck by your spines.
The cane toad stings you but does no damage.
The eight-headed hydra is engulfed in dark miasma.
You block the eight-headed hydra's attack.
The eight-headed hydra barely misses you. x2
The eight-headed hydra completely misses you.
The eight-headed hydra bites you.
* * * LOW HITPOINT WARNING * * *
The eight-headed hydra bites you.
* * * LOW HITPOINT WARNING * * *
The eight-headed hydra bites you.
* * * LOW HITPOINT WARNING * * *
The eight-headed hydra bites you.
* * * LOW HITPOINT WARNING * * *
The seven-headed hydra is engulfed in dark miasma.
The seven-headed hydra looks even sicker.
You block the seven-headed hydra's attack.
The seven-headed hydra bites you but does no damage.
The seven-headed hydra bites you.
* * * LOW HITPOINT WARNING * * *
The seven-headed hydra barely misses you.
You block the seven-headed hydra's attack.
The seven-headed hydra bites you but does no damage. x2
A torpor snail comes into view.
Being near the torpor snail leaves you feeling lethargic.
The yak is struck by your spines. The yak gores you but does no damage.
The yak is struck by your spines. The yak gores you.
* * * LOW HITPOINT WARNING * * *
The yak closely misses you. The yak is struck by your spines.
The yak gores you.
You die...

≈≈≈≈≈≈≈~♣♣..........
≈≈≈≈≈≈~~~♣..........
≈≈≈≈≈≈PP~♣...........
~P≈P≈P~PP.............
P~P~~~~~P..............
~~~~~P~~~.........§....
~~~~~~YYY.Y.......§....
~w~~.~SYDFY#Y..........
..~Y.rrr@Yh.Y..........
......YYrDYY.#...........
.........rrYY..##.........
..............##.#...PP..#
....^........####...#.(.##
.<......#P....#.....#....#
.......F#P............P###
............##...†.....#
.........####.#P##.....P#


You could see an eight-headed hydra (slow), a seven-headed hydra (very
poisoned), a torpor snail, a polar bear, 16 yaks, 2 cane toads, a water moccasin
and 6 hell rats.

Vanquished Creatures
  A boulder beetle (Lair:4)
  2 hydras (Lair:2)
  2 two-headed ogres
  Pikel (D:6)
  A manticore (D:11)
  5 centaur zombies (D:11)
  3 elephants (Lair:1)
  Joseph (D:9)
  2 merfolk sirens (Lair:2)
  A black mamba (Lair:1)
  A gargoyle (D:10)
  2 cane toads (Lair:2)
  3 rime drakes (Lair:1)
  A kobold demonologist (D:11)
  3 komodo dragons
  A troll (D:9)
  A hornet (D:10)
  9 blink frogs
  Prince Ribbit (D:5)
  3 shadows
  24 yaks
  2 basilisks
  5 wyverns
  3 wraiths
  8 vampires (D:11)
  3 steam dragons
  A naga (Lair:2)
  Edmund (D:6)
  2 acid dragons
  Duvessa (D:7)
  10 water moccasins
  A sky beast (D:6)
  4 black bears
  6 wolves (Lair:2)
  A centaur (D:8)
  A lemure (D:6)
  2 kobold brigands
  5 bullfrogs
  A gnoll sergeant (D:7)
  A scorpion (D:5)
  Dowan (D:7)
  7 wights
  13 killer bees
  A howler monkey (D:10)
  5 orc priests
  A hound (D:6)
  6 hell rats (Lair:1)
  Ijyb (D:5)
  2 iguanas
  8 orc wizards
  A howler monkey zombie (D:11)
  5 gnolls
  4 adders
  4 river rats (Lair:1)
  An ufetubus (D:5)
  4 dart slugs
  31 orcs
  8 endoplasms
  2 giant cockroaches
  3 goblins
  6 hobgoblins
  13 kobolds
  4 quokkas
  6 ball pythons
  7 bats
  2 frilled lizards
  13 rats
285 creatures vanquished.

Vanquished Creatures (collateral kills)
  Josephine (Lair:3)
  A hydra (Lair:5)
  A lindwurm (Lair:4)
  A centaur zombie (D:11)
  2 elephants (Lair:1)
  2 black mambas
  2 cane toads
  2 rime drakes
  2 merfolk (Lair:2)
  A polar bear (Lair:3)
  5 blink frogs
  A vampire (D:11)
  A basilisk (Lair:3)
  4 wyverns
  14 yaks
  2 wraiths (Lair:3)
  A naga (Lair:2)
  3 water moccasins
  2 black bears (Lair:2)
  7 wolves
  2 bullfrogs
  A howler monkey zombie (D:11)
  A rat (Lair:1)
  17 foxfires
76 creatures vanquished.

Vanquished Creatures (others)
  8 battlemagi
  7 ancestors
  935 foxfires
  22 fungi
  57 plants
  4 withered plants (D:11)
1033 creatures vanquished.

Grand Total: 1394 creatures vanquished

Notes
Turn   | Place    | Note
-------+----------+-------------------------------------------
     0 | D:1      | croobank the Demonspawn Fire Elementalist began the quest
                  | for the Orb.
     0 | D:1      | Reached XP level 1. HP: 13/13 MP: 3/3
   389 | D:1      | Gained mutation: You may rarely emit foul miasma when
                  | damaged in melee. [demonic ancestry]
   389 | D:1      | Reached XP level 2. HP: 13/19 MP: 0/5
   392 | D:1      | Learned a level 2 spell: Scorch
   807 | D:1      | Reached XP level 3. HP: 25/25 MP: 2/6
   935 | D:1      | Found Conwamoa's Weapon Boutique.
  1218 | D:1      | Found a faded altar of an unknown god.
  1613 | D:2      | Reached skill level 1 in Fighting
  1921 | D:2      | Gained mutation: You have a small tail. [demonic ancestry]
  1921 | D:2      | Reached XP level 4. HP: 32/32 MP: 4/7
  3466 | D:4      | Learned a level 3 spell: Frozen Ramparts
  3799 | D:4      | Gained mutation: You sometimes emit foul miasma when
                  | damaged in melee. [demonic ancestry]
  3799 | D:4      | Reached XP level 5. HP: 37/37 MP: 0/8
  4010 | D:4      | Found a staircase to the Ecumenical Temple.
  4018 | Temple   | Entered the Ecumenical Temple
  4302 | D:4      | Found a sacrificial altar of Ru.
  4518 | D:4      | Reached skill level 1 in Ice Magic
  4609 | D:5      | Entered Level 5 of the Dungeon
  4807 | D:5      | Noticed a black bear
  4812 | D:5      | Killed a black bear
  4813 | D:5      | Reached skill level 1 in Shields
  4813 | D:5      | Reached XP level 6. HP: 44/44 MP: 4/10
  5302 | D:5      | Noticed Prince Ribbit
  5315 | D:5      | Killed Prince Ribbit
  5316 | D:5      | Reached XP level 7. HP: 50/50 MP: 7/11
  5886 | D:5      | Noticed Ijyb
  5894 | D:5      | Killed Ijyb
  6418 | D:6      | Found a burning altar of Makhleb.
  6562 | D:6      | Noticed Edmund
  6571 | D:6      | Killed Edmund
  6712 | D:6      | Identified the +1 cloak of Plog {rN+ Dex+2}
  6804 | D:6      | Reached skill level 1 in Armour
  6884 | D:6      | Noticed Pikel
  6902 | D:6      | Killed Pikel
  6903 | D:6      | Gained mutation: You have a tail ending in a sharp stinger.
                  | [demonic ancestry]
  6903 | D:6      | Reached XP level 8. HP: 32/57 MP: 1/13
  7393 | D:6      | Found a radiant altar of Vehumet.
  7459 | D:7      | Found Guwihuf's Book Shop.
  7900 | D:7      | Got Sif Muna's Grimoire of Alluring Sinister Arts
  7945 | D:7      | Noticed Duvessa
  7946 | D:7      | Noticed Dowan
  7968 | D:7      | Killed Duvessa
  7969 | D:7      | Killed Dowan
  8420 | D:7      | Gained mutation: Your movements are slightly less
                  | encumbered by armour. (ER -2) [demonic ancestry]
  8420 | D:7      | Reached XP level 9. HP: 46/64 MP: 5/15
  9647 | D:8      | Found a staircase to the Lair.
  9696 | D:8      | Found a stormy altar of Qazlal.
  9746 | D:8      | Identified the +1 helmet "Gicroyt" {Harm rElec Str+4}
  9941 | D:8      | Found a runed translucent door.
  9942 | D:8      | Found a shimmering altar of Xom.
  9942 | D:8      | Noticed Darius099's ghost (novice OpBr)
  9944 | D:8      | Noticed a +1 dagger of chaos
 10235 | D:8      | Reached skill level 5 in Conjurations
 10243 | D:8      | Reached skill level 5 in Stealth
 10655 | D:8      | Found a shadowy altar of Dithmenos.
 10754 | D:9      | Identified the +10 hand axe "Anlyschimn" {vorpal, rN+ Int-4
                  | SInv}
 10762 | D:9      | Learned a level 4 spell: Flame Wave
 10812 | D:9      | Found an ancient bone altar of Kikubaaqudgha.
 10833 | D:9      | Reached skill level 5 in Fire Magic
 11658 | D:9      | Gained mutation: You have a sharp stinger which inflicts
                  | weakening toxins. [demonic ancestry]
 11658 | D:9      | Reached XP level 10. HP: 73/73 MP: 13/17
 11877 | D:9      | Reached skill level 5 in Spellcasting
 11898 | D:9      | Noticed Joseph
 11915 | D:9      | Killed Joseph
 11916 | D:9      | Reached skill level 5 in Fighting
 11916 | D:9      | Reached skill level 5 in Dodging
 12193 | D:9      | Found a hazy altar of Hepliaklqana.
 12204 | D:9      | Became a worshipper of Hepliaklqana the Forgotten
 12613 | D:10     | Entered Level 10 of the Dungeon
 12620 | D:10     | Found a broken altar of Ashenzari.
 12643 | D:10     | Got the Papyrus of Firn and Unholy Liturgies
 12781 | D:10     | Found a runed translucent door.
 12781 | D:10     | Noticed a wizard
 12855 | D:10     | Reached skill level 1 in Invocations
 13061 | D:10     | Noticed a two-headed ogre
 13079 | D:10     | Reached skill level 2 in Invocations
 13081 | D:10     | Killed a two-headed ogre
 13082 | D:10     | Reached skill level 3 in Invocations
 13203 | D:10     | Reached * piety under Hepliaklqana
 13314 | D:10     | Found a bloodstained altar of Trog.
 13314 | D:10     | Noticed a gargoyle
 13328 | D:10     | Killed a gargoyle
 13329 | D:10     | Reached skill level 5 in Ice Magic
 13756 | D:11     | Reached skill level 4 in Invocations
 14248 | D:11     | Gained mutation: You frequently emit foul miasma when
                  | damaged in melee. [demonic ancestry]
 14248 | D:11     | Reached XP level 11. HP: 64/72 MP: 5/19
 14434 | D:11     | Reached skill level 5 in Invocations
 14975 | D:11     | Noticed a two-headed ogre
 14982 | D:11     | Reached ** piety under Hepliaklqana
 15060 | D:11     | Killed a two-headed ogre
 15061 | D:11     | Reached skill level 6 in Invocations
 15803 | Lair:1   | Entered Level 1 of the Lair of Beasts
 15977 | Lair:1   | Reached skill level 7 in Invocations
 16768 | Lair:2   | Remembered your ancestor Hori as a battlemage
 16863 | Lair:2   | Reached XP level 12. HP: 52/80 MP: 2/21
 17117 | Lair:1   | Reached skill level 8 in Invocations
 17828 | Lair:1   | Reached skill level 9 in Invocations
 18524 | Lair:2   | Noticed a six-headed hydra
 18530 | Lair:2   | Killed a six-headed hydra
 18893 | Lair:2   | Found a staircase to the Shoals.
 19084 | Lair:2   | Found a staircase to the Snake Pit.
 19099 | Lair:2   | Identified the +3 whip of Cowardice {flame, Fragile rF+
                  | Dex+4}
 19207 | Lair:2   | Reached *** piety under Hepliaklqana
 19212 | Lair:2   | Identified the +4 falchion of the Hidden Vale {flame,
                  | Str+4}
 19646 | Lair:2   | Noticed a four-headed hydra
 19670 | Lair:2   | Killed a one-headed hydra
 19671 | Lair:2   | Reached skill level 10 in Invocations
 20256 | Lair:3   | Noticed Josephine
 20258 | Lair:3   | Gained mutation: You are partially covered in sharp spines.
                  | [demonic ancestry]
 20258 | Lair:3   | Reached XP level 13. HP: 86/86 MP: 19/23
 20264 | Lair:3   | Killed Josephine
 20290 | Lair:3   | Identified the +0 cloak of the Fife {Dex+3}
 21013 | Lair:3   | Reached **** piety under Hepliaklqana
 22327 | Lair:5   | Entered Level 5 of the Lair of Beasts
 22344 | Lair:5   | Reached skill level 11 in Invocations
 22536 | Lair:5   | Reached ***** piety under Hepliaklqana
 22568 | Lair:5   | HP: 1/88 [yak (5)]
 22568 | Lair:5   | Slain by a yak

Illustrated notes

Levels and vault maps discovered:
D:1:      minmay_arrival_stair_chambers, layout_basic, serial_shops, shop,
          ebering_ecumenical_altar_rust
D:2:      layout_basic, nrook_mini_backslash
D:3:      layout_loops_ring
D:4:      layout_loops_ring, nicolae_ru_path_of_blood, minmay_temple_entry_mist
D:5:      layout_layer_cave, uniq_prince_ribbit1, uniq_ijyb
D:6:      layout_loops_cross, mainiacjoe_overflow_paths, kennysheep_little_box,
          mainiacjoe_overflow_catwalk, uniq_pikel, uniq_edmund
D:7:      layout_gridville, serial_shops, nicolae_square_shop, uniq_duvessa
D:8:      layout_gridville, lemuel_coloured_pillars_altar,
          nicolae_qazlal_scattered_showers, dpeg_oklobed_lair, serial_glass,
          glass_columns_b, glass_columns_b, ebering_ghost_xom
D:9:      layout_layer_cave, lemuel_doored_altar,
          nicolae_hepliaklqana_hazy_memory, uniq_joseph
D:10:     layout_loops_cross, mainiacjoe_overflow_six_doors_small,
          nicolae_ashenzari_panopticon, minivault_13
D:11:     layout_irregular_city, serial_undead, serial_undead_b,
          serial_undead_b, serial_undead_d, serial_undead_f, serial_undead_a,
          serial_undead_a
D:12:     layout_long_grid, hiddenorc1_lemuel
Temple:   nicolae_temple_no_exploring_needed
Lair:1:   layout_loops_ring, st_stairs_12, grunt_forest_small_clearings,
          hangedman_lair_unloving_vines, kennysheep_abandoned_house
Lair:2:   layout_cave_pods, elwin_shoals_entry_stream,
          minmay_snake_entry_guardpost_small
Lair:3:   layout_cave_pods, uniq_josephine
Lair:4:   layout_roguey
Lair:5:   evil_forest, layout_layer_cave, slime_entry_1, minivault_26,
          infiniplex_staircase_pool_2, serial_bayou_shore_a

Skill      XL: |  1  2  3  4  5  6  7  8  9 10 11 12 13 |
---------------+----------------------------------------+-----
Stealth        | 2 3 4 5 6 7 8 |  8.4
Dodging        | 2 3 4 5 6 7 |  7.5
Fighting       | 1 2 3 4 5 6 7 |  7.9
Fire Magic     | 3 4 5 6 7 |  7.8
Conjurations   | 2 3 4 5 6 7 8 |  8.5
Ice Magic      | 1 2 3 4 5 6 7 |  7.3
Shields        | 1 3 |  3.0
Spellcasting   | 3 4 5 6 7 |  7.6
Armour         | 2 3 |  3.2
Invocations    | 4 7 10 11 | 11.1

Action                   |  1- 3 |  4- 6 |  7- 9 | 10-12 | 13-15 || total
-------------------------+-------+-------+-------+-------+-------++-------
Melee: Dagger            |    15 |       |       |       |       ||    15
       Short sword       |       |    15 |    72 |       |       ||    87
       Tailslap          |       |     2 |    10 |    22 |    12 ||    46
       Hand axe          |       |       |    17 |   115 |       ||   132
       Punch             |       |       |     1 |       |       ||     1
       Falchion          |       |       |       |     4 |    52 ||    56
 Fire: Sling             |       |     4 |       |       |       ||     4
 Cast: Foxfire           |    49 |    52 |   137 |   261 |    69 ||   568
       Scorch            |    11 |    23 |    82 |   162 |    27 ||   305
       Frozen Ramparts   |       |       |     2 |       |     2 ||     4
       Flame Wave        |       |       |       |     4 |       ||     4
Invok: Recall Ancestor   |       |       |       |     1 |       ||     1
       Ancestor Life: Ba |       |       |       |     1 |       ||     1
Evoke: Wand              |       |       |       |     2 |       ||     2
  Use: Scroll            |       |    13 |     4 |    15 |     2 ||    34
       Potion            |       |     1 |     2 |    11 |     5 ||    19
 Stab: Sleeping          |       |     4 |       |       |       ||     4
       Distracted        |       |       |       |     1 |       ||     1
Armor: Robe              |     4 |    10 |       |       |       ||    14
       Leather armour    |       |       |    75 |   134 |    40 ||   249
Dodge: Dodged            |    17 |     7 |   123 |   162 |    63 ||   372
Block: Other             |       |     3 |    38 |     4 |       ||    45
       Reflection        |       |     1 |     1 |     3 |       ||     5
       Buckler           |       |       |       |   151 |    51 ||   202
